 Dungeon Crawl Stone Soup version 0.13.0-29-gdb529de (webtiles) character file.

142 MirrMurr the Scratcher (level 3, 0/15 HPs)
             Began as a Felid Transmuter on Nov 12, 2013.
             Slain by an adder (2 damage)
             ... on Level 3 of the Dungeon.
             The game lasted 00:06:49 (2939 turns).

MirrMurr the Scratcher (Felid Transmuter)           Turns: 2939, Time: 00:06:49

HP   0/15        AC  1     Str  7      XL: 3   Next: 51%
MP   6/6         EV 19     Int 14      God:
Gold 93          SH  0     Dex 16      Spells:  2 memorised,  2 levels left
Lives: 0, deaths: 1

Res.Fire  : . . .   See Invis. : +     - Unarmed
Res.Cold  : . . .   Warding    : .   (armour unavailable)
Life Prot.: . . .   Conserve   : .   (shield unavailable)
Res.Poison: .       Res.Corr.  : .   (helmet unavailable)
Res.Elec. : .       Clarity    : .   (cloak unavailable)
Sust.Abil.: . .     Spirit.Shd : .   (gloves unavailable)
Res.Mut.  : .       Stasis     : .   (boots unavailable)
Res.Rott. : .       Flight     : .   (no amulet)
Saprovore : . . .                    (no ring)
                                     e - ring of flight

@: quick, slightly resistant to hostile enchantments, fairly stealthy
A: paw claws, no armour, no advanced items, fangs 3, see invisible, carnivore 3,
speed 1, slow metabolism 1, AC +1
a: Evoke Flight


You were on level 3 of the Dungeon.
You were not hungry.

You visited 1 branch of the dungeon, and saw 3 of its levels.

You collected 73 gold pieces.

Inventory:

Missiles
 b - 12 arrows
Comestibles
 a - a meat ration
 f - a beef jerky
 p - a chunk of adder flesh
Scrolls
 g - a scroll of curse jewellery {unknown}
 l - a scroll of identify {unknown}
 n - a scroll of fear {unknown}
 o - a scroll of curse weapon {unknown}
Jewellery
 c - an uncursed ring of regeneration {unknown}
 e - a ring of flight (left paw)
 m - an uncursed ring of hunger {unknown}
Books
 d - a book of Changes

   Spells                             Type                      Level
   *Beastly Appendage                 Transmutation                1
   Sticks to Snakes                   Transmutation                2
   *Spider Form                       Transmutation/Poison         3
   Ice Form                           Ice/Transmutation            4
   Blade Hands                        Transmutation                5


   Skills:
 - Level 1.0 Fighting
 + Level 3.6 Dodging
 * Level 4.9 Unarmed Combat
 - Level 2.0 Spellcasting
 - Level 2.1 Transmutations


You had 2 spell levels left.
You knew the following spells:

 Your Spells              Type           Power        Failure   Level  Hunger
a - Beastly Appendage     Trmt           #.....       12%         1    ##.....
b - Spider Form           Trmt/Pois      #.........   47%         3    ####...


Dungeon Overview and Level Annotations

Branches:
Dungeon (3/27)

Altars:


Innate Abilities, Weirdness & Mutations

You cannot wear armour.
You are incapable of any advanced item manipulation.
Your paws have sharp claws.*
You have razor-sharp teeth.*
You have supernaturally acute eyesight.
You are carnivorous and can eat meat at any time.
You cover ground quickly.*
You are covered in fur (AC +1).*
You have a slow metabolism.


Message History

You are too injured to fight recklessly!
You are too injured to fight recklessly!
You are too injured to fight recklessly!
You are too injured to fight recklessly!
You are too injured to fight recklessly!
You are too injured to fight recklessly!
You are too injured to fight recklessly!
You claw the orc!
You kill the orc!
c - a glowing copper ring
Things that are here:
a club; an orc corpse
g - a scroll labeled SEVAOG THUI You are too injured to fight recklessly!
You are too injured to fight recklessly!
You are too injured to fight recklessly!
You are too injured to fight recklessly!
You are too injured to fight recklessly!
The adder bites you.
You die...

##.## .... ... ...# #.# #.$#
#.# #..# ## #.# #.?# .. ###.#
#..# .####.##..)## #<.#######
.......)....# #.S........
####..##.##.###.@#######.###.#
.... #.##.#.<(...%%........#
####..##.##.#....#############
#....................#
...#.##....%...####.#
.............# #............(#
###.##.##...### #. #.##...#


You could see an adder.

Vanquished Creatures
  5 adders
  2 worms
  A giant gecko (D:2)
  An orc (D:3)
  3 giant cockroaches
  9 hobgoblins (D:1)
  2 jackals (D:1)
  A quokka (D:2)
  4 bats
  2 giant newts (D:1)
  5 goblins
  7 kobolds
  2 rats
44 creatures vanquished.

Vanquished Creatures (others)
  A bat (D:3)
1 creature vanquished.

Grand Total: 45 creatures vanquished

Notes
Turn   | Place    | Note
--------------------------------------------------------------
     0 | D:1      | MirrMurr, the Felid Transmuter, began the quest for the Orb.
     0 | D:1      | Reached XP level 1. HP: 9/9 MP: 2/2
   438 | D:1      | Reached XP level 2. HP: 6/12 MP: 2/4
  1341 | D:1      | Reached skill level 4 in Unarmed Combat
  1788 | D:1      | Reached XP level 3. HP: 15/15 MP: 4/6
  1802 | D:1      | Learned a level 3 spell: Spider Form
  2461 | D:2      | Reached XP level 4. HP: 13/19 MP: 7/9
  2914 | D:3      | Succumbed to an adder's poison
  2915 | D:3      | Reached XP level 3. HP: 0/15 MP: 6/6
  2939 | D:3      | Slain by an adder

Action                   |  1- 3 |  4- 6 || total
-------------------------+-------+-------++-------
Melee: Unarmed           |   111 |    32 ||   143
 Cast: Beastly Appendage |    22 |     2 ||    24
 Abil: End Transformatio |     1 |       ||     1
  Use: Scroll            |       |     3 ||     3
       Potion            |       |     3 ||     3
 Stab: Sleeping          |     1 |       ||     1
